 Dungeon Crawl Stone Soup version 0.19.0 (webtiles) character file.

147 CanadianGator the Covered (level 5, -2/47 HPs)
             Began as a Minotaur Fighter on Nov 10, 2016.
             Slain by an orc
             ... wielding a +0 trident of protection
              (5 damage)
             ... on level 3 of the Dungeon.
             The game lasted 00:06:09 (2043 turns).

CanadianGator the Covered (Minotaur Fighter)        Turns: 2043, Time: 00:06:09

Health: -2/47      AC:  7    Str: 21    XL:     5   Next: 7%
Magic:  4/4        EV:  7    Int:  5    God:
Gold:   41         SH:  9    Dex: 10    Spells: 0 memorised, 4 levels left

rFire  . . .     SeeInvis .     a - +0 war axe
rCold  . . .     Gourm    .     b - +0 scale mail
rNeg   . . .     Faith    .     c - +0 shield
rPois  .         Spirit   .     (helmet restricted)
rElec  .         Reflect  .     (no cloak)
rCorr  .         Harm     .     (no gloves)
MR     .....                    (no boots)
Stlth  ..........               (no amulet)
                                (no ring)
                                (no ring)

@: no status effects
A: retaliatory headbutt, horns 2
a: no special abilities


You were on level 3 of the Dungeon.
You were hungry.

You visited 1 branch of the dungeon, and saw 3 of its levels.

You collected 41 gold pieces.

Inventory:

Hand Weapons
 a - a +0 war axe (weapon)
Missiles
 j - 26 arrows
Armour
 b - a +0 scale mail (worn)
 c - a +0 shield (worn)
Scrolls
 h - a scroll of identify {unknown}
 i - a scroll of remove curse {unknown}
 k - a scroll of enchant armour {unknown}
 m - a scroll of random uselessness {unknown}
Potions
 d - 2 potions of might
 e - a potion of flight {unknown}
Comestibles
 f - a bread ration
 g - 2 beef jerkies
 l - 2 meat rations
 n - a royal jelly
 o - a fruit


   Skills:
 * Level 4.3 Fighting
 * Level 4.3 Axes
 * Level 5.1 Armour
 + Level 0.9 Dodging
 + Level 0.1 Stealth
 - Level 3.6 Shields


You had 4 spell levels left.
You didn't know any spells.

Dungeon Overview and Level Annotations

Branches:
Dungeon (3/15)

Altars:
Ru
Xom


Innate Abilities, Weirdness & Mutations

You reflexively headbutt those who attack you in melee.
You have a pair of horns on your head.


Message History

The orc hits you but does no damage. You block the gnoll's attack.
You slash the gnoll!
You kill the gnoll!
You have reached level 5!
The orc closely misses you.
You closely miss the gnoll. You block the orc's attack. The gnoll hits you.
* * * LOW HITPOINT WARNING * * *
You hit the gnoll but do no damage. The orc barely misses you.
The gnoll hits you.
* * * LOW HITPOINT WARNING * * *
The gnoll hits you.
* * * LOW HITPOINT WARNING * * *
You block the orc's attack.
You slash the gnoll!
The gnoll is almost dead.
The gnoll barely misses you. The orc hits you but does no damage.
You slash the gnoll!
You kill the gnoll!
The orc hits you from afar with a trident of protection.
You die...

### ..# .. ...$.#
.. .. #######..#.#
#....... ..#####
#......##.......
#.......@)o#
#......###......
#.....######....
#.....#.........
#.......# . .
######.##...#
#####...........
###.......####....
#####.............
..


You could see an orc.

Vanquished Creatures
  4 gnolls (D:3)
  3 adders (D:2)
  3 worms
  2 dart slugs (D:2)
  2 leopard geckos
  An orc (D:3)
  2 ball pythons (D:2)
  4 giant cockroaches
  5 goblins
  2 hobgoblins
  10 jackals
  7 kobolds
  2 quokkas
  6 bats
  5 frilled lizards
  9 rats
67 creatures vanquished.

Notes
Turn   | Place    | Note
-------+----------+-------------------------------------------
     0 | D:1      | CanadianGator the Minotaur Fighter began the quest for the Orb.
     0 | D:1      | Reached XP level 1. HP: 19/19 MP: 0/0
    79 | D:1      | Reached XP level 2. HP: 21/27 MP: 1/1
   119 | D:1      | Reached skill level 4 in Armour
  1105 | D:2      | Reached XP level 3. HP: 30/33 MP: 2/2
  1119 | D:2      | Found a sacrificial altar of Ru.
  1290 | D:2      | Found a shimmering altar of Xom.
  1290 | D:2      | Found a faded altar of an unknown god.
  1300 | D:2      | Found a faded altar of an unknown god.
  1312 | D:2      | Found a faded altar of an unknown god.
  1314 | D:2      | Found a faded altar of an unknown god.
  1679 | D:2      | Reached XP level 4. HP: 27/40 MP: 3/3
  2026 | D:3      | Reached skill level 5 in Armour
  2039 | D:3      | Reached XP level 5. HP: 8/47 MP: 4/4
  2043 | D:3      | Slain by an orc

Skill      XL: |  1  2  3  4 |
---------------+-------------+-----
Fighting       | 4 |  4.3
Armour         | 4 5 |  5.1
Axes           | 3 4 |  4.3
Dodging        | |  0.9
Stealth        | |  0.1
Shields        | |  3.6

Action                   |  1- 3 |  4- 6 || total
-------------------------+-------+-------++-------
Melee: War axe           |   110 |    43 ||   153
       Headbutt          |    13 |     5 ||    18
  Use: Potion            |     3 |       ||     3
  Eat: Chunk             |     2 |     1 ||     3
Armor: Scale mail        |    56 |    34 ||    90
Dodge: Dodged            |    44 |    14 ||    58
Block: Shield            |    72 |    31 ||   103
